 Dungeon Crawl Stone Soup version 0.30.1-9-gdf580d7c3d (webtiles) character file.

Game seed: 6259596834562847291

112378 Wiggles the Severer (level 16, 0/152 HPs)
             Began as a Minotaur Berserker on Oct 11, 2023.
             Was the Champion of Trog.
             Slain by a harpy (8 damage)
             ... summoned by an orange crystal statue
             ... on level 2 of the Shoals.
             The game lasted 00:45:11 (20871 turns).

Wiggles the Severer (Minotaur Berserker)           Turns: 20871, Time: 00:45:12

Health: 0/152      AC: 37    Str: 29    XL:     16   Next: 11%
Magic:  1/15       EV:  9    Int:  7    God:    Trog [******]
Gold:   1833       SH: 22    Dex: 10    Spells: 15/15 levels left

rFire   . . .        L - +6 broad axe (heavy)
rCold   + + +        b - +3 tower shield
rNeg    . . .        u - +10 plate armour "Ufuwy" {Int+3 SInv}
rPois   .            (helmet restricted)
rElec   .            H - +2 cloak
rCorr   .            n - +2 pair of gloves
SInv    +            (no boots)
Will    +....        C - amulet "Nuep" {rC+++ Regen+ Str+2 Dex-3} Stlth
                     J - +4 ring of protection
HPRegen 1.25/turn    I - ring of flight
MPRegen 0.14/turn

%: no passive effects
@: mighty, lethally poisoned (0 -> -4), flying, mesmerised
A: horns 2, retaliatory headbutt
a: Renounce Religion, Berserk, Trog's Hand, Brothers in Arms


You were on level 2 of the Shoals.
You worshipped Trog.
Trog was exalted by your worship.
You visited 4 branches of the dungeon, and saw 24 of its levels.
You also visited: Volcano.

You collected 4246 gold pieces.
You spent 2413 gold pieces at shops.

Inventory:

Hand Weapons
 j - a +7 vampiric executioner's axe
 L - a +6 heavy broad axe (weapon)
Missiles
 A - 2 throwing nets (quivered)
Armour
 b - a +3 tower shield (worn)
 n - a +2 pair of gloves (worn)
 s - a scarf of resistance
 u - the +10 plate armour "Ufuwy" (worn) {Int+3 SInv}
   (You bought it in a shop on level 1 of the Dungeon)

   Int:       It affects your intelligence (+3).
   SInv:      It lets you see invisible.
 H - a +2 cloak (worn)
 T - the +0 cloak of Free Expression {rN+ rCorr Str+4 Dex-3}
   (You found it on level 5 of the Lair of Beasts)

   Str:       It affects your strength (+4).
   Dex:       It affects your dexterity (-3).
   rN:        It protects you from negative energy.
   rCorr:     It protects you from acid and corrosion.
Jewellery
 e - a +6 ring of dexterity
 f - a ring of resist corrosion
 h - an amulet of regeneration
 q - a ring of protection from fire
 v - a +6 ring of dexterity
 y - a ring of willpower
 C - the amulet "Nuep" (around neck) {rC+++ Regen+ Str+2 Dex-3}
   (You found it on level 3 of the Dungeon)

   [amulet of regeneration]

   Str:       It affects your strength (+2).
   Dex:       It affects your dexterity (-3).
   rC:        It renders you almost immune to cold.
   Regen:     It increases your rate of health regeneration.
 G - an amulet of the acrobat
 I - a ring of flight (right hand)
 J - a +4 ring of protection (left hand)
 O - a ring of protection from cold
 Q - a ring of protection from cold
Wands
 c - a wand of flame (26)
 l - a wand of iceblast (16)
 p - a wand of polymorph (29)
 z - a wand of mindburst (25)
 F - a wand of acid (19)
 R - a wand of paralysis (28)
Scrolls
 d - 5 scrolls of identify
 k - 4 scrolls of fog
 w - 7 scrolls of teleportation
 B - 4 scrolls of magic mapping
 D - a scroll of enchant armour
 E - 3 scrolls of blinking
 N - a scroll of fear
Potions
 a - 5 potions of magic
 g - 10 potions of curing
 m - 4 potions of haste
 r - 5 potions of cancellation
 x - 3 potions of berserk rage
 K - 4 potions of ambrosia
 M - 2 potions of lignification
 S - 4 potions of resistance
 V - 4 potions of flight
Miscellaneous
 o - a phial of floods


   Skills:
 + Level 16.4 Fighting
 + Level 20.1 Axes
 + Level 13.9 Armour
 + Level 7.6 Dodging
 + Level 2.1 Stealth
 + Level 17.6 Shields


You had 15 spell levels left.
You didn't know any spells.
Your spell library was empty.

Dungeon Overview and Level Annotations

Branches:
Dungeon (15/15)            Temple (0/1) D:4            Lair (5/5) D:11
 Shoals (2/4) Lair:2        Snake (0/4) Lair:3        Slime (0/5) Lair:4
    Orc (2/2) D:9             Elf (0/3) Orc:2        Vaults (0/5) D:14
 Depths (0/4) D:15        Volcano (visited)

Altars:
Cheibriados
Elyvilon
Fedhas
Gozag
Kikubaaqudgha
Nemelex Xobeh
Qazlal
Ru
Trog
Uskayaw
Wu Jian
Xom
Zin
The Shining One
Lugonu

Shops:
D:1 [?[=   D:5 !   D:7 *   Orc:1 *   Orc:2 !(?(   Shoals:1 (

Portals:
Abyss: Lair:5

Annotations:
Shoals:2 1 transporter, exclusion: orange crystal statue


Innate Abilities, Weirdness & Mutations

You have a pair of horns on your head.
You reflexively headbutt those who attack you in melee.


Message History

You block the centaur warrior's attack.
Your cyclops closely misses the merfolk siren.
The manticore bites you but does no damage.
The manticore claws you but does no damage. x2
You barely miss the merfolk siren. You slice the manticore!!
You catch the helpless harpy completely off-guard!
You slice the harpy!!
You kill the harpy!
The harpy's corpse dissolves into shadows!
You carve the centaur warrior like a ham!!!
You kill the centaur warrior!
The centaur warrior's corpse dissolves into shadows!
You slice the manticore!! You miss the sea snake.
You chop the merfolk siren into pieces!!!
You feel very sick. You block the sea snake's attack. The manticore bites you.
* * * LOW HITPOINT WARNING * * *
The manticore claws you.
* * * LOW HITPOINT WARNING * * *
You block the manticore's attack.
Your cyclops hits the manticore!!!
The manticore dies!
The manticore's corpse dissolves into shadows!
The merfolk siren chants its luring song.
The merfolk impaler hits you but does no damage.
The harpy claws you but does no damage. x4
The merfolk siren chants its luring song. x2
Your cyclops hits the merfolk siren!! The merfolk impaler barely misses you.
You cut the merfolk siren into ribbons!!!
You kill the merfolk siren!
Trog accepts your kill.
Trog appreciates your killing of a magic user.
You slice the merfolk siren!!
You kill the merfolk siren!
Trog accepts your kill.
Trog appreciates your killing of a magic user.
You slice the harpy!! x2; You hit the manticore.
You slice the sea snake like a ripe choko!!!
You feel very sick. The harpy claws you!
You die...

........~~~~≈≈≈≈≈≈≈~~~~~~~......~
~~........~~~≈≈≈≈≈≈~.~~~~~~~~....
~~.........~~...........~.......)
~..........P..#########.........)
~~...)(......##.......##........)
~...)........#8.......8#~.......~
.~~...)..[...#.........#~~~~.....
~~...........#CHC....[.#.~~......
~~~.........©#†)@H8...©#©........
.~~.....~....#.S)H....:#.........
........~....#m.m......#.........
.#......~~~..#8.......8#.........
##.....~~~~~.##.......##.>.......
##.....~~~~~~.#########..........
..##..~~~~~~~~....~~~~~.>.....~~.
~.###.~~~~~P~~~...~~~~........~..
~P?..~~~~P.~~~~≈≈≈≈~~.~~~.....~..


You could see a merfolk impaler, an orange crystal statue, a sea snake, a
manticore (ally target), a merfolk siren (mesmerising, strong), 2 harpies and 2
friendly cyclopes.

Vanquished Creatures
  A kraken (Shoals:1)
  A juggernaut zombie (D:15)
  The ghost of chicagocrazy the Covert, a journeyman DsBr of Dithmenos (Shoals:1)
  An ironbound preserver (D:14)
  A merfolk impaler (Shoals:1)
  An ice dragon (D:12)
  A catoblepas (D:15)
  6 hydras
  A satyr (Shoals:2)
  A merfolk avatar (Shoals:1)
  Erica (Orc:1)
  5 boulder beetles
  5 death yaks (Lair:5)
  A two-headed ogre (D:10)
  The ghost of fag the Thaumaturge, a journeyman DECj (Orc:2)
  7 centaur warriors
  A tengu warrior (D:13)
  4 thrashing horrors (Lair:5)
  An orc high priest (Orc:2)
  A sun demon (Volcano)
  4 skysharks
  2 skeletal warriors (D:15)
  9 sea snakes
  A flayed ghost (D:15)
  2 necromancers
  9 harpies (Shoals:2)
  2 lindwurms (Lair:4)
  2 orc knights
  7 orc sorcerers
  2 deep elf pyromancers
  10 ugly things
  A frost giant zombie (D:15)
  5 fauns
  5 cyclopes
  4 oklob plants (Lair:1)
  A cyclops (shapeshifter) (D:14)
  A fire giant zombie (D:15)
  5 elephants (Lair:5)
  7 manticores
  3 merfolk sirens (Shoals:2)
  Joseph (D:8)
  Maurice (D:13)
  3 water nymphs
  6 black mambas
  3 gargoyles
  4 ice statues (D:12)
  A large abomination (Lair:5)
  6 cane toads
  4 smoke demons (Lair:5)
  2 kobold demonologists
  9 komodo dragons
  A komodo dragon (shapeshifter) (Lair:5)
  A yaktaur (D:15)
  An ancient zyme (Lair:5)
  A tengu conjurer (D:13)
  A freezing wraith (D:14)
  3 red devils (Volcano)
  4 trolls
  4 wind drakes
  A tarantella (shapeshifter) (D:13)
  10 merfolk
  A hornet (D:9)
  Grinder (D:3)
  4 dream sheep (Shoals:2)
  24 blink frogs
  8 snapping turtles
  16 slime creatures
  3 ynoxinuls (Lair:5)
  An ettin skeleton (D:15)
  A spriggan (Lair:5)
  2 shadows
  2 wraiths (D:11)
  46 yaks
  7 small abominations (Lair:5)
  3 water elementals
  4 wyverns
  5 basilisks
  A steam dragon (Lair:1)
  7 vampire mosquitoes
  2 wargs (Orc:2)
  3 nagas (Lair:3)
  12 water moccasins
  An acid dragon (D:12)
  18 orc warriors
  16 ice beasts
  7 ogres
  3 boggarts (D:15)
  18 centaurs
  7 wolves
  A phantom (D:5)
  5 kobold brigands
  A gnoll sergeant (D:9)
  7 bullfrogs
  3 scorpions (D:5)
  A hornet simulacrum (D:14)
  7 wights (D:8)
  18 killer bees
  An electric eel (Lair:2)
  9 howler monkeys
  2 hounds
  13 jellies
  18 orc priests
  2 gnoll boudas
  Ijyb (D:3)
  Terence (D:3)
  32 orc wizards
  4 iguanas
  A polar bear simulacrum (D:9)
  11 hell rats (Lair:4)
  2 yak simulacra (D:9)
  5 wolf simulacra (D:9)
  22 gnolls
  9 adders
  A shadow imp (D:6)
  3 white imps (D:6)
  3 ufetubi
  2 dart slugs
  66 orcs
  6 ball pythons
  10 endoplasms
  8 goblins
  2 hobgoblins
  A jackal (D:5)
  3 quokkas
  10 bats
  2 frilled lizards
  20 kobolds
  13 rats
  3 river rat simulacra (D:9)
  A tentacle (Shoals:1)
744 creatures vanquished.

Vanquished Creatures (collateral kills)
  Amaemon (D:8)
  A sea snake (Shoals:2)
  An orange demon (D:8)
  A snapping turtle (Shoals:2)
  3 slime creatures (D:9)
  An orc priest (D:8)
8 creatures vanquished.

Vanquished Creatures (others)
  3 tentacles (Shoals:1)
3 creatures vanquished.

Grand Total: 755 creatures vanquished

Notes
Turn   | Place    | Note
-------+----------+-------------------------------------------
     0 | D:1      | Wiggles the Minotaur Berserker began the quest for the Orb.
     0 | D:1      | Reached XP level 1. HP: 19/19 MP: 0/0
   124 | D:1      | Reached XP level 2. HP: 27/27 MP: 1/1
   176 | D:1      | Reached skill level 4 in Axes
   184 | D:1      | Found Nijut's Magic Scroll Shop.
   292 | D:1      | Found Orafamod's Jewellery Shoppe.
   455 | D:1      | Found Casedaur's Armour Boutique.
   866 | D:1      | Found Voto's Armour Shop.
   869 | D:1      | Bought a +0 chain mail for 54 gold pieces
  1074 | D:2      | You fall into a shaft and drop 2 floors!
  1086 | D:3      | Noticed Terence
  1094 | D:3      | Killed Terence
  1095 | D:3      | Reached XP level 3. HP: 33/33 MP: 2/2
  1135 | D:3      | Reached ** piety under Trog
  1162 | D:3      | Reached skill level 5 in Axes
  1311 | D:3      | Reached XP level 4. HP: 30/41 MP: 1/3
  1780 | D:2      | Reached XP level 5. HP: 36/47 MP: 1/4
  2001 | D:2      | Reached skill level 6 in Axes
  2280 | D:3      | Noticed Ijyb
  2287 | D:3      | Killed Ijyb
  2348 | D:3      | Reached XP level 6. HP: 24/53 MP: 1/5
  2532 | D:3      | Noticed Grinder
  2545 | D:3      | Killed Grinder
  2546 | D:3      | Reached skill level 5 in Fighting
  2546 | D:3      | Reached skill level 7 in Axes
  2783 | D:3      | Identified the amulet "Nuep" {rC+++ Regen+ Str+2 Dex-3}
  2956 | D:4      | Reached *** piety under Trog
  2962 | D:4      | Found a stormy altar of Qazlal.
  2964 | D:4      | Noticed a fire elemental
  2965 | D:4      | Noticed an air elemental
  2965 | D:4      | Noticed a water elemental
  2975 | D:4      | Reached XP level 7. HP: 61/61 MP: 6/6
  2991 | D:4      | Found a staircase to the Ecumenical Temple.
  3077 | D:4      | Found an opulent altar of Gozag.
  3177 | D:4      | Found a sacrificial altar of Ru.
  3214 | D:4      | Found a glowing silver altar of Zin.
  3496 | D:5      | Entered Level 5 of the Dungeon
  3502 | D:5      | Reached skill level 5 in Armour
  3502 | D:5      | Reached skill level 1 in Shields
  3582 | D:5      | Reached skill level 8 in Axes
  3751 | D:5      | Reached XP level 8. HP: 70/70 MP: 7/7
  3806 | D:5      | Found Waodim's Distillery.
  3882 | D:5      | Reached skill level 1 in Stealth
  4031 | D:6      | Reached skill level 9 in Axes
  4373 | D:6      | Found an ornate altar of the Wu Jian Council.
  4527 | D:6      | Reached skill level 10 in Axes
  4681 | D:7      | Reached **** piety under Trog
  4712 | D:7      | Reached XP level 9. HP: 79/79 MP: 8/8
  4730 | D:7      | Found a faded altar of an unknown god.
  4730 | D:7      | Found a faded altar of an unknown god.
  4736 | D:7      | Found a sparkling altar of Nemelex Xobeh.
  4738 | D:7      | Found a hide-covered altar of Uskayaw.
  4740 | D:7      | Found a snail-covered altar of Cheibriados.
  5055 | D:7      | Found Foxoonug's General Store.
  5223 | D:7      | Reached skill level 11 in Axes
  5339 | D:7      | Identified a scroll of acquirement
  5339 | D:7      | Acquired 552 gold pieces
  5716 | D:8      | Noticed Joseph
  5725 | D:8      | Killed Joseph
  5726 | D:8      | Reached skill level 12 in Axes
  5744 | D:8      | Reached skill level 5 in Dodging
  5764 | D:8      | Noticed an orange demon
  5765 | D:8      | Noticed Amaemon
  5776 | D:8      | Killed Amaemon
  5780 | D:8      | Killed an orange demon
  5781 | D:8      | Reached skill level 13 in Axes
  5781 | D:8      | Reached XP level 10. HP: 88/88 MP: 9/9
  6232 | D:9      | Found a glowing golden altar of the Shining One.
  6236 | D:9      | Found a bloodstained altar of Trog.
  6238 | D:9      | Found an ancient bone altar of Kikubaaqudgha.
  6239 | D:9      | Found a blossoming altar of Fedhas.
  6271 | D:9      | Reached skill level 14 in Axes
  6482 | D:9      | Found a white marble altar of Elyvilon.
  6484 | D:9      | Found a staircase to the Orcish Mines.
  6549 | D:9      | Reached skill level 5 in Shields
  6608 | D:9      | Noticed a necromancer
  6619 | D:9      | Killed a necromancer
  6651 | D:9      | Identified the +5 arbalest "Wiggles's Regret" {speed, rPois
                  | rN+ Will+ Dex-2}
  6702 | D:9      | Reached XP level 11. HP: 67/97 MP: 10/10
  7016 | D:10     | Entered Level 10 of the Dungeon
  7016 | D:10     | Noticed a two-headed ogre
  7024 | D:10     | Killed a two-headed ogre
  7226 | D:1      | Bought the +10 plate armour "Ufuwy" {Int+3 SInv} for 995
                  | gold pieces
  7548 | D:10     | Reached skill level 15 in Axes
  7769 | D:10     | Reached ***** piety under Trog
  7863 | D:11     | Found a staircase to the Lair.
  7993 | D:11     | Noticed a deep elf pyromancer
  8001 | D:11     | Killed a deep elf pyromancer
  8002 | D:11     | Reached skill level 10 in Fighting
  8313 | D:11     | Reached skill level 16 in Axes
  8525 | D:12     | Noticed a boulder beetle
  8540 | D:12     | Killed a boulder beetle
  8567 | D:12     | Noticed a brown ugly thing
  8576 | D:12     | Killed a brown ugly thing
  8784 | D:12     | Reached XP level 12. HP: 108/108 MP: 11/11
  9009 | D:12     | Noticed an ice dragon
  9029 | D:12     | Killed an ice dragon
  9341 | D:12     | Noticed a boulder beetle
  9355 | D:12     | Killed a boulder beetle
  9367 | D:12     | Reached skill level 17 in Axes
  9663 | Lair:1   | Entered Level 1 of the Lair of Beasts
  9696 | Lair:1   | Reached skill level 10 in Armour
  9960 | Lair:1   | Acquired a +0 heavy broad axe
 10824 | Lair:2   | Found a staircase to the Shoals.
 10934 | Lair:2   | Noticed a six-headed hydra
 10940 | Lair:2   | Killed an eight-headed hydra
 10941 | Lair:2   | Reached XP level 13. HP: 118/118 MP: 12/12
 11315 | Lair:2   | Received a gift from Trog
 11450 | Lair:2   | Found a dark tunnel.
 11462 | Volcano  | Entered a volcano
 11565 | Volcano  | Reached skill level 10 in Shields
 12302 | Lair:3   | Found a staircase to the Snake Pit.
 12317 | Lair:3   | Reached skill level 18 in Axes
 12921 | Lair:4   | Received a gift from Trog
 12962 | Lair:4   | Found a staircase to the Slime Pits.
 13533 | Lair:5   | Entered Level 5 of the Lair of Beasts
 13582 | Lair:5   | Identified the +0 leather armour of Indomitability {Dex+3
                  | Stlth+}
 13658 | Lair:5   | Reached XP level 14. HP: 123/129 MP: 13/13
 13779 | Lair:5   | Reached ****** piety under Trog
 13861 | Lair:5   | Received a gift from Trog
 14060 | Lair:5   | Identified the +0 cloak of Free Expression {rN+ rCorr Str+4
                  | Dex-3}
 14475 | Lair:5   | Reached skill level 19 in Axes
 14476 | Lair:5   | Found a corrupted altar of Lugonu.
 14476 | Lair:5   | Found a one-way gate to the infinite horrors of the Abyss.
 14802 | D:13     | Noticed Maurice
 14805 | D:13     | Killed Maurice
 15407 | D:1      | Bought a scroll of acquirement for 728 gold pieces
 15408 | D:1      | Acquired 1103 gold pieces
 15413 | D:1      | Bought a scroll of enchant armour for 105 gold pieces
 16061 | D:14     | Found a snail-covered altar of Cheibriados.
 16202 | D:14     | Noticed an ironbound preserver
 16203 | D:14     | Found a gate to the Vaults.
 16214 | D:14     | Killed an ironbound preserver
 16454 | D:15     | Entered Level 15 of the Dungeon
 16543 | D:15     | Reached skill level 15 in Fighting
 16543 | D:15     | Reached skill level 15 in Shields
 16551 | D:15     | Reached XP level 15. HP: 88/141 MP: 14/14
 16660 | D:15     | Found a staircase to the Depths.
 17400 | Orc:1    | Entered Level 1 of the Orcish Mines
 17410 | Orc:1    | Received a gift from Trog
 17555 | Orc:1    | Noticed Erica
 17563 | Orc:1    | Killed Erica
 17570 | Orc:1    | Found Yterraip's Assorted Antiques.
 17621 | Orc:1    | Bought a scroll of brand weapon for 209 gold pieces
 17815 | Orc:2    | Entered Level 2 of the Orcish Mines
 17815 | Orc:2    | Found a staircase to the Elven Halls.
 17826 | Orc:2    | Found a shimmering altar of Xom.
 17833 | Orc:2    | Paralysed by an orc sorcerer for 3 turns
 18102 | Orc:2    | Found a runed translucent door.
 18102 | Orc:2    | Noticed fag's ghost (journeyman DECj)
 18143 | Orc:2    | Killed fag's ghost
 18166 | Orc:2    | Received a gift from Trog
 18344 | Orc:2    | Found Davueshe's Antique Weapon Shoppe.
 18344 | Orc:2    | Found Etabuweg's Weapon Emporium.
 18345 | Orc:2    | Found Digeoren's Magic Scroll Emporium.
 18349 | Orc:2    | Found Loutackulet's Distillery.
 18354 | Orc:2    | Bought a scroll of enchant armour for 127 gold pieces
 18370 | Orc:2    | Bought a potion of heal wounds for 65 gold pieces
 18370 | Orc:2    | Bought a potion of resistance for 130 gold pieces
 18805 | Shoals:1 | Entered Level 1 of the Shoals
 18881 | Shoals:1 | Found Tuskieg's Antique Weapon Boutique.
 19025 | Shoals:1 | Found a large runed translucent door.
 19026 | Shoals:1 | Found a large runed translucent door.
 19028 | Shoals:1 | Noticed chicagocrazy's ghost (journeyman DsBr)
 19262 | Shoals:1 | Noticed a kraken
 19269 | Shoals:1 | Killed a kraken
 19853 | Shoals:1 | Killed chicagocrazy's ghost
 19892 | Shoals:2 | Found a transporter.
 19895 | Shoals:2 | Reached skill level 20 in Axes
 20183 | Shoals:2 | Received a gift from Trog
 20201 | Shoals:2 | Reached XP level 16. HP: 68/152 MP: 15/15
 20293 | Shoals:2 | Found a transporter.
 20295 | Shoals:2 | Identified the ring "Vajek" {rPois rN+ Dex+6 SInv}
 20859 | Shoals:2 | HP: 3/152 [harpy[an orange crystal statue] (6)]
 20871 | Shoals:2 | Slain by a harpy

Illustrated notes

Levels and vault maps discovered:
D:1:      dpeg_arrival_subterranean_lakeside_camping, layout_basic,
          serial_shops, shop, shop, shop, shop, minmay_misc_feat_hallway,
          grunt_decor_one_mirror
D:2:      layout_basic, minmay_misc_feat_encased
D:3:      layout_basic, uniq_ijyb, uniq_terence, uniq_grinder
D:4:      layout_loops_ring, mainiacjoe_overflow_boulevard,
          nicolae_qazlal_style_of_elements, nicolae_gozag_seed_capital,
          nicolae_overflow_hidden_temple, minmay_temple_entry_ruins
D:5:      layout_rooms, serial_shops, shop, kennysheep_dice
D:6:      layout_gridville, nicolae_wu_jian_glorious_leap
D:7:      layout_basic, chequers_temple_overflow_minitemple, serial_shops,
          nicolae_shop_just_a_little_nook, serial_rivers,
          chequers_serial_rivers_small_a, chequers_serial_rivers_large_b,
          chequers_serial_rivers_small_a, chequers_serial_rivers_room_b
D:8:      layout_cave_pods, uniq_amaemon, uniq_joseph
D:9:      layout_irregular_city, mainiacjoe_overflow_alcove_3,
          mainiacjoe_overflow_paths, orc_0_dummy, eino_house_with_fridge
D:10:     layout_roguey
D:11:     layout_stronghold, lair_entry_dummy
D:12:     minmay_ice_pillars, layout_cave_pools
D:13:     layout_small_grid, uniq_maurice
D:14:     layout_cave_pods, skrybe_vaults_entry_preservation,
          cheibriados_altar_1, fungi_pond_lemuel
D:15:     gammafunk_depths_entry_grave, layout_basic
Lair:1:   minmay_lair_oklob_tunnel, layout_concentric_octagons
Lair:2:   layout_long_grid, shoals_dummy_entry,
          lightli_volcano_entry_magma_tube, infiniplex_staircase_pool,
          lemuel_fruit_tree
Lair:3:   layout_misc_corridors, nicolae_snake_entry_squirm,
          chequers_serial_rivers_micro_c
Lair:4:   layout_gridlike, minmay_slime_entry_jelly_boxes, nicolae_lair_lindhole
Lair:5:   hellmonk_lair_end_abyssal_woods, layout_gridlike
Shoals:1: layout_shoals, serial_shops, nicolae_shop_window_shopping,
          ebering_ghost_disaster_area, nicolae_shoals_lost_giant_baths
Shoals:2: gammafunk_sealed_arena, layout_shoals
Orc:1:    layout_caves, serial_shops, shop, basic_altar, uniq_erica
Orc:2:    st_orc_mages, layout_caves, basic_altar, gammafunk_ghost_grave

Skill      XL: |  1  2  3  4  5  6  7  8  9 10 11 12 13 14 15 |
---------------+----------------------------------------------+-----
Fighting       | 4 5 7 8 9 10 12 13 15 16 | 16.4
Axes           | 4 5 6 7 8 10 13 14 16 17 18 19 20 | 20.1
Armour         | 3 4 5 6 8 9 11 12 13 | 13.9
Dodging        | 3 4 5 6 7 |  7.6
Shields        | 1 3 5 6 9 12 15 17 | 17.6
Stealth        | 1 2 |  2.1

Action                     |  1- 3 |  4- 6 |  7- 9 | 10-12 | 13-15 | 16-18 || total
---------------------------+-------+-------+-------+-------+-------+-------++-------
  Melee: Hand axe          |    64 |    32 |       |       |       |       ||    96
         Headbutt          |     6 |    12 |    32 |   141 |   150 |    12 ||   353
         War axe           |       |    71 |   187 |   523 |       |       ||   781
         Broad axe         |       |       |       |    90 |   803 |    43 ||   936
 Invoke: Berserk           |     1 |     3 |     4 |     5 |       |       ||    13
         Brothers in Arms  |       |       |     1 |     1 |     1 |     2 ||     5
    Use: Scroll            |       |       |    19 |    13 |    12 |       ||    44
         Potion            |       |       |       |     2 |       |    12 ||    14
   Stab: Distracted        |       |       |       |       |       |     1 ||     1
 Armour: Animal skin       |    14 |       |       |       |       |       ||    14
         Leather armour    |     3 |       |       |       |       |       ||     3
         Chain mail        |     1 |       |       |       |       |       ||     1
         Ring mail         |    16 |    63 |    99 |    69 |       |       ||   247
         Plate armour      |       |       |       |   247 |   497 |   104 ||   848
  Dodge: Dodged            |    41 |    60 |   115 |   190 |   221 |    40 ||   667
  Block: Buckler           |     8 |    13 |    33 |    43 |       |       ||    97
         Tower shield      |       |       |       |   216 |   940 |    85 ||  1241
